[ AOE2 MATCH · #481110494 ]
UnrankedHuns vs Gurjaras
[ REPLAY ANALYSIS · EXTRACTED FROM THE RECORDED GAME ]
Feudal
12:01
Castle
17:36
Imperial
33:52
| APM avg | 22.8 |
| APM peak | 49 |
| eAPM avg | 15.9 |
| Villagers / military | 175 / 59 |
Focus
⚔️ 28.5% · 🌾 71.5%
Tarkan ×59
Feudal
11:36
Castle
20:07
Imperial
—
| APM avg | 20.0 |
| APM peak | 64 |
| eAPM avg | 14.4 |
| Villagers / military | 95 / 31 |
Focus
⚔️ 14.3% · 🌾 85.7%
Camel Scout ×26 · Shrivamsha Rider ×5
Feudal
11:37
Castle
18:35
Imperial
37:33
| APM avg | 18.2 |
| APM peak | 54 |
| eAPM avg | 10.2 |
| Villagers / military | 104 / 12 |
Focus
⚔️ 15.7% · 🌾 84.3%
Monaspa ×10 · Trebuchet (Packed) ×2
Feudal
9:33
Castle
—
Imperial
—
| APM avg | 21.8 |
| APM peak | 73 |
| eAPM avg | 8.6 |
| Villagers / military | 41 / 0 |
Focus
⚔️ 18.3% · 🌾 81.7%
Feudal
11:06
Castle
15:01
Imperial
34:41
| APM avg | 28.8 |
| APM peak | 58 |
| eAPM avg | 17.0 |
| Villagers / military | 154 / 73 |
Focus
⚔️ 19.5% · 🌾 80.5%
Steppe Lancer ×71 · Trebuchet (Packed) ×2
Feudal
11:39
Castle
17:46
Imperial
—
| APM avg | 17.1 |
| APM peak | 59 |
| eAPM avg | 12.6 |
| Villagers / military | 103 / 31 |
Focus
⚔️ 16.2% · 🌾 83.8%
Spearman ×16 · Militia ×9 · Scout Cavalry ×6
Feudal
10:55
Castle
30:23
Imperial
—
| APM avg | 34.4 |
| APM peak | 67 |
| eAPM avg | 16.0 |
| Villagers / military | 78 / 18 |
Focus
⚔️ 17.1% · 🌾 82.9%
Militia ×11 · Cavalry Archer ×6 · Monk ×1
Feudal
—
Castle
—
Imperial
—
| APM avg | 19.2 |
| APM peak | 54 |
| eAPM avg | 12.5 |
| Villagers / military | 100 / 46 |
Focus
⚔️ 18.6% · 🌾 81.4%
Spearman ×22 · Camel Scout ×15 · Battering Ram ×3 · Scout Cavalry ×3 · Steppe Lancer ×2 · Mangonel ×1
Match map
Initial resources + every placement click. Lines = walls · curves = elevation contours. ◆ gold · ⬟ stone · ● berries · ✦ relic · ◌ wall gap
Your base· Open — unwalled flank
Deatho's base· ✓ Closed at 20:07 · 46t walls · 3 gate(s)
hoangdle1993's base· Open — 9t gap
Chocolate Nestle's base· Open — unwalled flank
i's base· Open — unwalled flank
x's base· Open — unwalled flank
2745766286's base· Open — unwalled flank
DARK STORM7984's base· Open — unwalled flank
Smoothed initial terrain · ◌ = detected wall gap · hover for details
Inputs per minute
— TradeKing - - Deatho
Build order — TradeKing
First 150 of 379 actions detected
| 0:04 | Create | Villager (Male) |
| 0:04 | Create | Villager (Male) |
| 0:04 | Create | Villager (Male) |
| 0:11 | Create | Villager (Male) |
| 0:12 | Create | Villager (Male) |
| 1:17 | Create | Villager (Male) |
| 1:18 | Create | Villager (Male) |
| 1:18 | Create | Villager (Male) |
| 1:44 | Create | Villager (Male) |
| 1:44 | Create | Villager (Male) |
| 2:19 | Create | Villager (Male) |
| 2:19 | Create | Villager (Male) |
| 2:47 | Create | Villager (Male) |
| 2:47 | Create | Villager (Male) |
| 2:48 | Create | Villager (Male) |
| 3:53 | Create | Villager (Male) |
| 3:53 | Create | Villager (Male) |
| 3:53 | Create | Villager (Male) |
| 3:53 | Create | Villager (Male) |
| 3:54 | Create | Villager (Male) |
| 4:00 | Create | Villager (Male) |
| 4:00 | Create | Villager (Male) |
| 4:26 | Create | Villager (Male) |
| 4:26 | Create | Villager (Male) |
| 4:27 | Create | Villager (Male) |
| 4:52 | Create | Villager (Male) |
| 4:53 | Create | Villager (Male) |
| 5:11 | Build | Lumber Camp |
| 5:18 | Build | Mining Camp |
| 6:20 | Create | Villager (Male) |
| 6:20 | Create | Villager (Male) |
| 6:37 | Create | Villager (Male) |
| 6:37 | Create | Villager (Male) |
| 6:38 | Create | Villager (Male) |
| 6:38 | Create | Villager (Male) |
| 6:39 | Create | Villager (Male) |
| 6:39 | Create | Villager (Male) |
| 6:40 | Create | Villager (Male) |
| 7:14 | Build | Lumber Camp |
| 7:33 | Create | Villager (Male) |
| 7:34 | Create | Villager (Male) |
| 7:55 | Create | Villager (Male) |
| 7:55 | Create | Villager (Male) |
| 8:01 | Create | Villager (Male) |
| 8:01 | Create | Villager (Male) |
| 8:18 | Create | Villager (Male) |
| 8:19 | Create | Villager (Male) |
| 8:44 | Build | Mill |
| 9:10 | Research | Loom |
| 9:30 | Build | Farm |
| 9:33 | Build | Farm |
| 9:51 | Research | Feudal Age |
| 10:18 | Create | Villager (Male) |
| 10:18 | Create | Villager (Male) |
| 10:21 | Build | Farm |
| 10:23 | Build | Farm |
| 12:01 | Age | Feudal Age |
| 12:14 | Build | Market |
| 12:21 | Build | Blacksmith |
| 12:30 | Build | Farm |
| 12:32 | Build | Farm |
| 12:39 | Create | Villager (Male) |
| 12:49 | Build | Farm |
| 12:53 | Build | Farm |
| 12:59 | Create | Villager (Male) |
| 13:11 | Build | Farm |
| 13:14 | Build | Farm |
| 13:25 | Create | Villager (Male) |
| 13:45 | Build | Farm |
| 13:46 | Build | Farm |
| 13:52 | Build | Farm |
| 14:03 | Create | Villager (Male) |
| 14:26 | Create | Villager (Male) |
| 14:30 | Build | Farm |
| 14:32 | Build | Farm |
| 14:38 | Build | Farm |
| 14:54 | Research | Castle Age |
| 14:55 | Research | Castle Age |
| 15:54 | Create | Villager (Male) |
| 15:55 | Create | Villager (Male) |
| 16:33 | Research | Horse Collar |
| 16:36 | Research | Double-Bit Axe |
| 17:36 | Age | Castle Age |
| 17:40 | Build | Town Center |
| 17:43 | Create | Villager (Male) |
| 17:53 | Build | Town Center |
| 17:57 | Create | Villager (Male) |
| 18:04 | Create | Villager (Male) |
| 18:12 | Build | Town Center |
| 18:14 | Create | Villager (Male) |
| 18:20 | Build | Farm |
| 18:21 | Build | Farm |
| 18:24 | Create | Villager (Male) |
| 18:26 | Create | Villager (Male) |
| 18:34 | Research | Wheelbarrow |
| 18:35 | Create | Villager (Male) |
| 18:37 | Create | Villager (Male) |
| 18:42 | Research | Bow Saw |
| 18:43 | Create | Villager (Male) |
| 18:56 | Create | Villager (Male) |
| 18:59 | Build | Farm |
| 19:05 | Create | Villager (Male) |
| 19:11 | Create | Villager (Male) |
| 19:14 | Create | Villager (Male) |
| 19:16 | Create | Villager (Male) |
| 19:20 | Build | Farm |
| 19:22 | Create | Villager (Male) |
| 19:31 | Create | Villager (Male) |
| 19:36 | Create | Villager (Male) |
| 19:41 | Create | Villager (Male) |
| 19:43 | Build | Farm |
| 19:44 | Create | Villager (Male) |
| 19:47 | Create | Villager (Male) |
| 19:49 | Create | Villager (Male) |
| 19:55 | Create | Villager (Male) |
| 20:01 | Create | Villager (Male) |
| 20:03 | Create | Villager (Male) |
| 20:13 | Create | Villager (Male) |
| 20:18 | Create | Villager (Male) |
| 20:23 | Build | Farm |
| 20:24 | Build | Farm |
| 20:26 | Create | Villager (Male) |
| 20:29 | Build | Farm |
| 20:30 | Create | Villager (Male) |
| 20:32 | Create | Villager (Male) |
| 20:37 | Build | Farm |
| 20:39 | Create | Villager (Male) |
| 20:48 | Build | Farm |
| 20:48 | Create | Villager (Male) |
| 20:50 | Build | Farm |
| 20:54 | Build | Farm |
| 20:58 | Build | Farm |
| 20:58 | Create | Villager (Male) |
| 21:05 | Create | Villager (Male) |
| 21:10 | Build | Farm |
| 21:11 | Create | Villager (Male) |
| 21:15 | Build | Farm |
| 21:18 | Build | Farm |
| 21:20 | Create | Villager (Male) |
| 21:35 | Build | Farm |
| 21:36 | Create | Villager (Male) |
| 21:38 | Create | Villager (Male) |
| 21:45 | Create | Villager (Male) |
| 21:53 | Create | Villager (Male) |
| 21:59 | Create | Villager (Male) |
| 22:02 | Create | Villager (Male) |
| 22:06 | Build | Barracks |
| 22:07 | Create | Villager (Male) |
| 22:09 | Create | Villager (Male) |
| 22:21 | Build | Farm |
Build order — Deatho
First 150 of 227 actions detected
| 0:02 | Create | Villager (Male) |
| 0:02 | Create | Villager (Male) |
| 0:02 | Create | Villager (Male) |
| 0:10 | Create | Villager (Male) |
| 0:11 | Create | Villager (Male) |
| 0:31 | Build | House |
| 0:32 | Build | House |
| 0:37 | Research | Loom |
| 0:39 | Create | Villager (Male) |
| 0:39 | Create | Villager (Male) |
| 0:39 | Create | Villager (Male) |
| 0:40 | Create | Villager (Male) |
| 1:34 | Create | Villager (Male) |
| 2:16 | Create | Villager (Male) |
| 2:30 | Build | Lumber Camp |
| 3:04 | Create | Villager (Male) |
| 3:17 | Create | Villager (Male) |
| 3:58 | Create | Villager (Male) |
| 3:58 | Create | Villager (Male) |
| 4:21 | Create | Villager (Male) |
| 4:21 | Create | Villager (Male) |
| 4:21 | Create | Villager (Male) |
| 4:29 | Build | House |
| 4:33 | Build | House |
| 4:34 | Build | House |
| 4:41 | Create | Villager (Male) |
| 5:16 | Create | Villager (Male) |
| 5:16 | Create | Villager (Male) |
| 5:17 | Create | Villager (Male) |
| 5:20 | Build | Mill |
| 6:02 | Create | Villager (Male) |
| 6:02 | Create | Villager (Male) |
| 6:40 | Create | Villager (Male) |
| 7:13 | Create | Villager (Male) |
| 7:15 | Create | Villager (Male) |
| 7:25 | Build | Mill |
| 7:30 | Build | Lumber Camp |
| 7:44 | Build | Lumber Camp |
| 7:52 | Create | Villager (Male) |
| 8:17 | Create | Villager (Male) |
| 8:18 | Create | Villager (Male) |
| 9:05 | Build | Mining Camp |
| 9:22 | Research | Feudal Age |
| 9:35 | Build | House |
| 9:41 | Build | House |
| 9:43 | Build | House |
| 10:22 | Build | Palisade Wall |
| 10:33 | Build | Palisade Gate |
| 10:40 | Build | Barracks |
| 10:47 | Build | Palisade Wall |
| 10:50 | Build | Palisade Gate |
| 10:58 | Create | Villager (Male) |
| 10:58 | Create | Villager (Male) |
| 11:36 | Age | Feudal Age |
| 11:48 | Build | Blacksmith |
| 11:59 | Build | Palisade Wall |
| 12:12 | Create | Villager (Male) |
| 12:20 | Build | Palisade Wall |
| 12:31 | Build | Palisade Wall |
| 12:39 | Research | Double-Bit Axe |
| 12:44 | Research | Horse Collar |
| 12:49 | Create | Villager (Male) |
| 12:50 | Create | Villager (Male) |
| 13:16 | Build | Stable |
| 13:18 | Build | House |
| 13:35 | Research | Wheelbarrow |
| 13:36 | Research | Wheelbarrow |
| 14:11 | Build | Farm |
| 14:12 | Build | Farm |
| 14:13 | Build | Farm |
| 14:35 | Build | Market |
| 14:50 | Create | Villager (Male) |
| 14:51 | Create | Villager (Male) |
| 14:58 | Build | Farm |
| 15:00 | Build | Farm |
| 15:16 | Build | Farm |
| 15:18 | Build | Farm |
| 15:33 | Build | Farm |
| 15:34 | Build | Farm |
| 15:34 | Build | Farm |
| 15:35 | Build | Farm |
| 15:45 | Create | Villager (Male) |
| 15:45 | Create | Villager (Male) |
| 15:51 | Build | Farm |
| 15:52 | Build | Farm |
| 16:14 | Build | Farm |
| 16:19 | Build | Farm |
| 16:26 | Build | Farm |
| 16:29 | Create | Villager (Male) |
| 16:29 | Create | Villager (Male) |
| 16:51 | Build | Palisade Wall |
| 16:59 | Build | House |
| 17:02 | Build | House |
| 17:23 | Research | Castle Age |
| 17:57 | Build | Palisade Gate |
| 18:10 | Build | Stable |
| 19:13 | Create | Villager (Male) |
| 19:13 | Create | Villager (Male) |
| 19:17 | Build | Farm |
| 19:18 | Build | Farm |
| 19:21 | Build | Farm |
| 19:22 | Build | Farm |
| 19:23 | Build | Farm |
| 19:23 | Build | Farm |
| 19:24 | Build | Farm |
| 19:40 | Create | Villager (Male) |
| 19:40 | Create | Villager (Male) |
| 20:07 | Age | Castle Age |
| 20:20 | Build | Town Center |
| 20:27 | Research | Hand Cart |
| 20:33 | Research | Bow Saw |
| 20:35 | Research | Heavy Plow |
| 20:43 | Build | Lumber Camp |
| 21:14 | Build | Mining Camp |
| 21:21 | Create | Villager (Male) |
| 21:22 | Create | Villager (Male) |
| 21:22 | Create | Villager (Male) |
| 21:22 | Create | Villager (Male) |
| 21:27 | Research | Hand Cart |
| 21:29 | Research | Stone Mining |
| 21:53 | Research | Gold Mining |
| 22:23 | Create | Villager (Male) |
| 22:23 | Create | Villager (Male) |
| 22:32 | Research | Stone Shaft Mining |
| 22:36 | Research | Gold Shaft Mining |
| 23:07 | Create | Villager (Male) |
| 23:07 | Create | Villager (Male) |
| 23:08 | Create | Villager (Male) |
| 23:08 | Create | Villager (Male) |
| 23:09 | Create | Villager (Male) |
| 23:09 | Create | Villager (Male) |
| 23:10 | Create | Villager (Male) |
| 23:26 | Create | Villager (Male) |
| 23:26 | Create | Villager (Male) |
| 23:27 | Create | Villager (Male) |
| 23:27 | Create | Villager (Male) |
| 23:34 | Create | Villager (Male) |
| 24:02 | Create | Villager (Male) |
| 24:02 | Create | Villager (Male) |
| 24:03 | Create | Villager (Male) |
| 24:36 | Build | Castle |
| 24:56 | Research | Bloodlines |
| 24:57 | Research | Husbandry |
| 25:02 | Research | Forging |
| 25:14 | Build | House |
| 25:15 | Build | House |
| 25:16 | Build | House |
| 25:17 | Build | House |
| 25:19 | Build | House |
| 25:21 | Build | House |
Build order — hoangdle1993
First 150 of 194 actions detected
| 0:06 | Build | House |
| 0:07 | Build | House |
| 0:16 | Create | Villager (Male) ×4 |
| 0:16 | Research | Loom |
| 1:50 | Create | Villager (Male) |
| 1:51 | Create | Villager (Male) |
| 2:14 | Create | Villager (Male) |
| 2:14 | Create | Villager (Male) |
| 2:50 | Create | Villager (Male) |
| 2:50 | Create | Villager (Male) |
| 3:14 | Create | Villager (Male) |
| 3:14 | Create | Villager (Male) |
| 3:37 | Build | House |
| 3:38 | Build | House |
| 3:47 | Create | Villager (Male) |
| 4:14 | Create | Villager (Male) |
| 4:14 | Create | Villager (Male) |
| 4:44 | Create | Villager (Male) |
| 4:44 | Create | Villager (Male) |
| 4:44 | Create | Villager (Male) |
| 4:45 | Create | Villager (Male) |
| 5:14 | Create | Villager (Male) |
| 5:14 | Create | Villager (Male) |
| 5:43 | Build | Mill |
| 5:44 | Create | Villager (Male) |
| 5:44 | Create | Villager (Male) |
| 6:25 | Create | Villager (Male) |
| 6:25 | Create | Villager (Male) |
| 6:26 | Create | Villager (Male) |
| 6:26 | Create | Villager (Male) |
| 6:26 | Create | Villager (Male) |
| 7:14 | Create | Villager (Male) |
| 7:14 | Create | Villager (Male) |
| 7:14 | Create | Villager (Male) |
| 7:14 | Create | Villager (Male) |
| 7:15 | Create | Villager (Male) |
| 7:15 | Create | Villager (Male) |
| 7:44 | Create | Villager (Male) |
| 7:45 | Create | Villager (Male) |
| 7:45 | Create | Villager (Male) |
| 7:58 | Create | Villager (Male) |
| 8:12 | Build | Mule Cart |
| 8:32 | Create | Villager (Male) |
| 8:57 | Create | Villager (Male) |
| 9:27 | Research | Feudal Age |
| 10:22 | Build | Mule Cart |
| 10:32 | Create | Villager (Male) |
| 10:32 | Create | Villager (Male) |
| 10:33 | Create | Villager (Male) |
| 11:31 | Create | Villager (Male) |
| 11:31 | Create | Villager (Male) |
| 11:31 | Create | Villager (Male) |
| 11:37 | Age | Feudal Age |
| 11:44 | Build | House |
| 11:55 | Build | Blacksmith |
| 13:19 | Build | Barracks |
| 13:24 | Build | House |
| 13:29 | Create | Villager (Male) |
| 14:13 | Create | Villager (Male) |
| 14:21 | Create | Villager (Male) |
| 14:25 | Build | House |
| 15:15 | Build | Stable |
| 15:55 | Research | Castle Age |
| 15:56 | Research | Wheelbarrow |
| 16:20 | Build | Mule Cart |
| 16:26 | Research | Double-Bit Axe |
| 17:32 | Research | Town Watch |
| 18:35 | Age | Castle Age |
| 19:08 | Build | Town Center |
| 19:25 | Build | Town Center |
| 20:32 | Build | Farm |
| 20:32 | Build | Farm |
| 20:44 | Build | Farm |
| 20:45 | Build | Farm |
| 20:53 | Build | Farm |
| 21:16 | Create | Villager (Male) |
| 21:16 | Create | Villager (Male) |
| 21:25 | Build | Farm |
| 21:38 | Build | House |
| 21:39 | Build | House |
| 21:40 | Build | House |
| 21:42 | Build | House |
| 21:45 | Create | Villager (Male) |
| 21:45 | Create | Villager (Male) |
| 21:48 | Build | Farm |
| 22:15 | Create | Villager (Male) |
| 22:15 | Create | Villager (Male) |
| 22:26 | Create | Villager (Male) |
| 22:41 | Create | Villager (Male) |
| 23:09 | Build | Farm |
| 23:10 | Build | Farm |
| 23:14 | Research | Horse Collar |
| 23:15 | Create | Villager (Male) |
| 23:22 | Build | Farm |
| 23:59 | Create | Villager (Male) |
| 24:01 | Create | Villager (Male) |
| 24:05 | Create | Villager (Male) |
| 24:14 | Build | Farm |
| 24:17 | Create | Villager (Male) |
| 24:17 | Create | Villager (Male) |
| 24:34 | Build | Farm |
| 24:39 | Build | Farm |
| 24:41 | Create | Villager (Male) |
| 24:41 | Create | Villager (Male) |
| 25:11 | Build | Farm |
| 25:15 | Create | Villager (Male) ×4 |
| 25:38 | Create | Villager (Male) |
| 25:47 | Research | Stone Mining |
| 26:24 | Build | Farm |
| 26:31 | Create | Villager (Male) |
| 26:54 | Build | Castle |
| 26:58 | Create | Villager (Male) ×5 |
| 27:13 | Build | House |
| 27:14 | Build | House |
| 27:15 | Build | House |
| 27:16 | Build | House |
| 27:17 | Build | House |
| 27:19 | Build | House |
| 27:20 | Build | House |
| 27:40 | Build | Market |
| 27:49 | Create | Villager (Male) |
| 27:54 | Create | Villager (Male) |
| 28:22 | Build | Town Center |
| 28:53 | Build | Town Center |
| 28:59 | Create | Villager (Male) |
| 29:00 | Create | Villager (Male) |
| 29:03 | Create | Villager (Male) |
| 29:03 | Create | Villager (Male) |
| 29:17 | Build | Farm |
| 29:28 | Create | Villager (Male) |
| 29:28 | Create | Villager (Male) |
| 29:33 | Build | Farm |
| 29:34 | Build | Farm |
| 29:44 | Create | Monaspa ×5 |
| 30:37 | Create | Monaspa ×5 |
| 31:17 | Build | Farm |
| 31:18 | Build | Farm |
| 31:19 | Create | Villager (Male) |
| 31:19 | Create | Villager (Male) |
| 31:20 | Create | Villager (Male) |
| 31:36 | Research | Scale Barding Armor |
| 31:46 | Build | Farm |
| 31:56 | Build | Farm |
| 31:57 | Build | Farm |
| 32:47 | Research | Heavy Plow |
| 33:01 | Research | Bow Saw |
| 33:02 | Research | Gold Mining |
| 33:11 | Build | Mill |
| 33:13 | Build | Farm |
| 33:14 | Build | Farm |
Build order — Chocolate Nestle
87 actions detected in the replay
| 0:02 | Create | Villager (Male) |
| 0:02 | Create | Villager (Male) |
| 0:03 | Build | House |
| 0:05 | Build | House |
| 0:06 | Build | House |
| 1:02 | Create | Villager (Male) |
| 1:02 | Create | Villager (Male) |
| 1:02 | Create | Villager (Male) |
| 1:02 | Create | Villager (Male) |
| 1:45 | Create | Villager (Male) |
| 1:46 | Create | Villager (Male) |
| 2:01 | Build | Lumber Camp |
| 2:03 | Create | Villager (Male) |
| 2:03 | Create | Villager (Male) |
| 2:44 | Create | Villager (Male) |
| 2:44 | Create | Villager (Male) |
| 3:18 | Create | Villager (Male) |
| 3:40 | Create | Villager (Male) |
| 3:58 | Create | Villager (Male) |
| 4:08 | Build | Mill |
| 4:50 | Create | Villager (Male) |
| 5:14 | Create | Villager (Male) |
| 5:40 | Create | Villager (Male) |
| 6:03 | Create | Villager (Male) |
| 6:26 | Create | Villager (Male) |
| 6:46 | Research | Loom |
| 7:23 | Research | Feudal Age |
| 7:42 | Build | Palisade Wall |
| 7:49 | Build | House |
| 8:58 | Build | House |
| 9:23 | Build | Mining Camp |
| 9:33 | Age | Feudal Age |
| 9:33 | Build | Palisade Wall |
| 9:37 | Build | Palisade Wall |
| 10:12 | Create | Villager (Male) |
| 10:33 | Build | Watch Tower |
| 10:35 | Create | Villager (Male) |
| 10:57 | Create | Villager (Male) |
| 11:12 | Build | Palisade Wall |
| 11:14 | Build | Palisade Wall |
| 11:19 | Build | Palisade Wall |
| 11:21 | Build | Palisade Wall |
| 11:39 | Build | Watch Tower |
| 11:48 | Build | Palisade Wall |
| 11:51 | Build | Palisade Wall |
| 12:12 | Build | Lumber Camp |
| 12:14 | Create | Villager (Male) |
| 12:49 | Create | Villager (Male) |
| 13:00 | Build | Palisade Wall |
| 13:17 | Build | Watch Tower |
| 13:20 | Create | Villager (Male) |
| 13:36 | Build | Palisade Wall |
| 14:07 | Create | Villager (Male) |
| 14:48 | Create | Villager (Male) |
| 15:11 | Create | Villager (Male) |
| 15:41 | Create | Villager (Male) |
| 16:01 | Create | Villager (Male) |
| 16:17 | Build | Watch Tower |
| 16:28 | Create | Villager (Male) |
| 16:35 | Create | Villager (Male) |
| 16:45 | Create | Villager (Male) |
| 16:48 | Build | Palisade Wall |
| 17:23 | Build | Watch Tower |
| 17:40 | Create | Villager (Male) |
| 17:48 | Build | House |
| 17:50 | Build | House |
| 17:50 | Build | House |
| 18:21 | Build | Watch Tower |
| 18:23 | Create | Villager (Male) |
| 19:04 | Build | Watch Tower |
| 19:05 | Create | Villager (Male) |
| 19:14 | Build | House |
| 19:42 | Research | Stone Mining |
| 19:59 | Build | Lumber Camp |
| 20:23 | Create | Villager (Male) |
| 20:23 | Create | Villager (Male) |
| 20:57 | Create | Villager (Male) |
| 21:16 | Build | Farm |
| 21:18 | Build | Farm |
| 21:49 | Create | Villager (Male) |
| 21:54 | Build | Blacksmith |
| 22:19 | Build | Farm |
| 22:24 | Research | Fletching |
| 22:43 | Build | Farm |
| 22:45 | Build | Farm |
| 23:18 | Build | Farm |
| 23:19 | Build | Farm |
Build order — i
First 150 of 342 actions detected
| 0:00 | Create | Villager (Male) |
| 0:01 | Create | Villager (Male) |
| 0:01 | Create | Villager (Male) |
| 0:02 | Build | House |
| 0:04 | Build | House |
| 0:17 | Create | Villager (Male) |
| 0:17 | Create | Villager (Male) |
| 0:18 | Create | Villager (Male) |
| 1:38 | Create | Villager (Male) |
| 1:39 | Create | Villager (Male) |
| 1:40 | Create | Villager (Male) |
| 1:40 | Create | Villager (Male) |
| 1:43 | Build | Lumber Camp |
| 2:19 | Create | Villager (Male) |
| 2:52 | Create | Villager (Male) |
| 2:53 | Create | Villager (Male) |
| 3:15 | Create | Villager (Male) |
| 3:15 | Create | Villager (Male) |
| 3:19 | Build | House |
| 3:22 | Build | House |
| 4:10 | Create | Villager (Male) |
| 4:36 | Create | Villager (Male) |
| 4:37 | Create | Villager (Male) |
| 5:03 | Create | Villager (Male) |
| 5:04 | Create | Villager (Male) |
| 5:05 | Create | Villager (Male) |
| 5:05 | Create | Villager (Male) |
| 5:29 | Create | Villager (Male) |
| 5:30 | Create | Villager (Male) |
| 5:34 | Build | Mill |
| 6:04 | Create | Villager (Male) |
| 6:04 | Create | Villager (Male) |
| 6:42 | Create | Villager (Male) |
| 7:17 | Create | Villager (Male) |
| 7:26 | Create | Villager (Male) |
| 8:31 | Create | Villager (Male) |
| 8:34 | Research | Feudal Age |
| 8:43 | Build | House |
| 8:52 | Build | Palisade Wall |
| 9:20 | Build | Mill |
| 9:41 | Build | House |
| 9:45 | Build | House |
| 9:47 | Build | House |
| 9:59 | Create | Villager (Male) |
| 9:59 | Create | Villager (Male) |
| 11:06 | Age | Feudal Age |
| 11:27 | Build | Market |
| 11:30 | Build | Blacksmith |
| 11:31 | Create | Villager (Male) |
| 11:49 | Build | Farm |
| 11:56 | Build | Farm |
| 12:16 | Research | Castle Age |
| 12:29 | Research | Double-Bit Axe |
| 12:32 | Build | House |
| 12:47 | Build | Palisade Wall |
| 12:51 | Build | House |
| 12:53 | Build | Palisade Wall |
| 13:10 | Build | Farm |
| 13:42 | Build | House |
| 13:49 | Build | Palisade Wall |
| 14:18 | Create | Villager (Male) |
| 14:21 | Create | Villager (Male) |
| 15:01 | Age | Castle Age |
| 15:07 | Build | Town Center |
| 15:18 | Build | Town Center |
| 15:29 | Build | Farm |
| 15:33 | Build | Farm |
| 15:45 | Build | Farm |
| 15:51 | Create | Villager (Male) |
| 15:52 | Create | Villager (Male) |
| 16:12 | Create | Villager (Male) |
| 16:13 | Create | Villager (Male) |
| 16:23 | Build | Lumber Camp |
| 16:33 | Create | Villager (Male) |
| 16:33 | Create | Villager (Male) |
| 16:33 | Create | Villager (Male) |
| 16:48 | Build | Farm |
| 16:57 | Build | Farm |
| 16:58 | Create | Villager (Male) |
| 17:09 | Create | Villager (Male) |
| 17:09 | Create | Villager (Male) |
| 17:10 | Create | Villager (Male) |
| 17:13 | Build | Farm |
| 17:17 | Build | Farm |
| 17:22 | Build | Farm |
| 17:24 | Create | Villager (Male) |
| 17:24 | Create | Villager (Male) |
| 17:30 | Build | Farm |
| 17:37 | Build | Farm |
| 17:41 | Build | Farm |
| 17:45 | Build | Farm |
| 17:48 | Create | Villager (Male) |
| 17:56 | Create | Villager (Male) |
| 18:03 | Build | Farm |
| 18:07 | Build | Farm |
| 18:15 | Create | Villager (Male) |
| 18:16 | Create | Villager (Male) |
| 18:19 | Build | Farm |
| 18:47 | Build | Barracks |
| 19:01 | Build | Farm |
| 19:01 | Create | Villager (Male) |
| 19:01 | Create | Villager (Male) |
| 19:06 | Build | Farm |
| 19:07 | Create | Villager (Male) |
| 19:16 | Build | Farm |
| 19:19 | Build | Farm |
| 19:24 | Build | Farm |
| 19:29 | Build | Farm |
| 19:31 | Create | Villager (Male) |
| 19:31 | Create | Villager (Male) |
| 19:32 | Create | Villager (Male) |
| 19:32 | Create | Villager (Male) |
| 19:34 | Build | Farm |
| 19:39 | Create | Villager (Male) |
| 19:52 | Build | Farm |
| 19:53 | Create | Villager (Male) |
| 19:53 | Create | Villager (Male) |
| 20:02 | Create | Villager (Male) |
| 20:07 | Build | Farm |
| 20:08 | Create | Villager (Male) |
| 20:14 | Create | Villager (Male) |
| 20:42 | Build | Town Center |
| 20:46 | Create | Villager (Male) |
| 20:47 | Create | Villager (Male) |
| 20:47 | Create | Villager (Male) |
| 20:47 | Create | Villager (Male) |
| 20:53 | Build | Stable |
| 21:00 | Create | Villager (Male) |
| 21:00 | Create | Villager (Male) |
| 21:11 | Build | Stable |
| 21:12 | Create | Villager (Male) |
| 21:15 | Build | Farm |
| 21:16 | Create | Villager (Male) |
| 21:17 | Create | Villager (Male) |
| 21:34 | Create | Villager (Male) |
| 21:35 | Create | Villager (Male) |
| 21:40 | Create | Villager (Male) |
| 21:44 | Build | House |
| 21:45 | Build | House |
| 21:47 | Build | House |
| 21:48 | Create | Villager (Male) |
| 21:51 | Build | Farm |
| 21:57 | Research | Bloodlines |
| 22:13 | Build | Farm |
| 22:21 | Build | Stable |
| 22:23 | Create | Villager (Male) |
| 22:23 | Create | Villager (Male) |
| 22:23 | Create | Villager (Male) |
| 22:24 | Create | Villager (Male) |
| 22:29 | Create | Villager (Male) |
Build order — x
First 150 of 225 actions detected
| 0:04 | Build | House |
| 0:08 | Build | House |
| 0:23 | Create | Villager (Male) |
| 0:24 | Create | Villager (Male) |
| 0:24 | Create | Villager (Male) |
| 0:24 | Create | Villager (Male) |
| 0:24 | Create | Villager (Male) |
| 0:25 | Create | Villager (Male) |
| 2:08 | Create | Villager (Male) |
| 2:08 | Create | Villager (Male) |
| 2:09 | Create | Villager (Male) |
| 2:09 | Create | Villager (Male) |
| 2:09 | Create | Villager (Male) |
| 2:10 | Create | Villager (Male) |
| 2:10 | Create | Villager (Male) |
| 2:10 | Create | Villager (Male) |
| 2:11 | Create | Villager (Male) |
| 3:19 | Build | Lumber Camp |
| 3:24 | Create | Villager (Male) |
| 3:24 | Create | Villager (Male) |
| 3:25 | Create | Villager (Male) |
| 3:25 | Create | Villager (Male) |
| 3:25 | Create | Villager (Male) |
| 3:41 | Build | House |
| 3:43 | Build | House |
| 4:47 | Create | Villager (Male) |
| 4:47 | Create | Villager (Male) |
| 4:47 | Create | Villager (Male) |
| 4:48 | Create | Villager (Male) |
| 4:48 | Create | Villager (Male) |
| 4:48 | Create | Villager (Male) |
| 4:49 | Create | Villager (Male) |
| 5:50 | Build | Mill |
| 6:02 | Create | Villager (Male) |
| 6:02 | Create | Villager (Male) |
| 6:02 | Create | Villager (Male) |
| 6:03 | Create | Villager (Male) |
| 6:03 | Create | Villager (Male) |
| 6:03 | Create | Villager (Male) |
| 7:39 | Create | Villager (Male) |
| 7:40 | Create | Villager (Male) |
| 7:56 | Build | Mining Camp |
| 8:52 | Build | Barracks |
| 9:29 | Research | Feudal Age |
| 10:23 | Create | Villager (Male) |
| 10:23 | Create | Villager (Male) |
| 11:39 | Age | Feudal Age |
| 11:51 | Build | Stable |
| 11:59 | Build | Blacksmith |
| 12:24 | Build | Farm |
| 12:27 | Build | Farm |
| 13:01 | Build | House |
| 13:22 | Build | Palisade Wall |
| 14:17 | Research | Man-at-Arms (upgrade) |
| 14:21 | Create | Militia |
| 14:21 | Create | Militia |
| 14:21 | Create | Militia |
| 14:22 | Create | Militia |
| 14:38 | Build | Farm |
| 14:43 | Build | Farm |
| 15:06 | Research | Castle Age |
| 15:15 | Create | Villager (Male) |
| 15:16 | Create | Villager (Male) |
| 15:50 | Create | Scout Cavalry |
| 15:51 | Create | Scout Cavalry |
| 16:47 | Create | Scout Cavalry |
| 16:49 | Research | Bloodlines |
| 16:50 | Create | Scout Cavalry |
| 16:51 | Create | Scout Cavalry |
| 16:57 | Create | Scout Cavalry |
| 17:18 | Build | Farm |
| 17:21 | Build | Farm |
| 17:24 | Build | Farm |
| 17:26 | Build | Farm |
| 17:32 | Create | Villager (Male) |
| 17:33 | Create | Villager (Male) |
| 17:33 | Create | Villager (Male) |
| 17:33 | Create | Villager (Male) |
| 17:46 | Age | Castle Age |
| 17:46 | Create | Militia |
| 17:46 | Create | Militia |
| 17:47 | Create | Militia |
| 17:47 | Create | Militia |
| 17:48 | Create | Militia |
| 18:29 | Create | Spearman |
| 18:29 | Create | Spearman |
| 19:17 | Research | Squires |
| 19:18 | Research | Pikeman (upgrade) |
| 19:21 | Research | Scale Mail Armor |
| 19:21 | Research | Forging |
| 19:48 | Build | Mining Camp |
| 20:20 | Create | Villager (Male) |
| 20:20 | Create | Villager (Male) |
| 20:20 | Create | Villager (Male) |
| 20:21 | Create | Villager (Male) |
| 20:21 | Create | Villager (Male) |
| 20:33 | Build | House |
| 20:35 | Build | House |
| 20:39 | Build | House |
| 20:46 | Build | House |
| 20:55 | Build | House |
| 21:39 | Research | Double-Bit Axe |
| 21:41 | Research | Double-Bit Axe |
| 22:16 | Create | Villager (Male) |
| 22:16 | Create | Villager (Male) |
| 22:16 | Create | Villager (Male) |
| 22:17 | Create | Villager (Male) |
| 22:17 | Create | Villager (Male) |
| 22:18 | Create | Villager (Male) |
| 22:18 | Create | Villager (Male) |
| 22:19 | Create | Villager (Male) |
| 22:19 | Create | Villager (Male) |
| 23:20 | Research | Bow Saw |
| 23:35 | Research | Horse Collar |
| 23:35 | Research | Horse Collar |
| 23:55 | Build | Castle |
| 24:21 | Build | Farm |
| 24:33 | Build | Lumber Camp |
| 24:45 | Create | Spearman |
| 24:46 | Create | Spearman |
| 24:46 | Create | Spearman |
| 25:15 | Research | Stone Mining |
| 26:06 | Build | Farm |
| 26:08 | Build | Farm |
| 26:12 | Build | Farm |
| 26:33 | Create | Villager (Male) |
| 26:33 | Create | Villager (Male) |
| 26:34 | Create | Villager (Male) |
| 26:34 | Create | Villager (Male) |
| 26:54 | Build | Farm |
| 26:54 | Build | Farm |
| 28:12 | Build | Town Center |
| 28:34 | Research | Wheelbarrow |
| 28:36 | Create | Villager (Male) |
| 28:37 | Create | Villager (Male) |
| 28:37 | Create | Villager (Male) |
| 28:37 | Create | Villager (Male) |
| 28:38 | Create | Villager (Male) |
| 28:38 | Create | Villager (Male) |
| 29:13 | Research | Loom |
| 29:29 | Create | Villager (Male) ×3 |
| 29:29 | Create | Villager (Male) ×3 |
| 29:30 | Create | Villager (Male) ×3 |
| 29:38 | Build | Lumber Camp |
| 30:04 | Create | Villager (Male) |
| 30:04 | Create | Villager (Male) |
| 30:04 | Create | Villager (Male) |
| 30:05 | Create | Villager (Male) |
| 30:05 | Create | Villager (Male) |
| 30:05 | Create | Villager (Male) |
Build order — 2745766286
First 150 of 182 actions detected
| 0:00 | Create | Villager (Male) |
| 0:01 | Create | Villager (Male) |
| 0:02 | Build | House |
| 0:04 | Build | House |
| 0:04 | Create | Villager (Male) |
| 0:04 | Create | Villager (Male) |
| 1:15 | Create | Villager (Male) |
| 1:15 | Create | Villager (Male) |
| 1:55 | Create | Villager (Male) |
| 2:09 | Build | Lumber Camp |
| 2:37 | Create | Villager (Male) |
| 2:37 | Create | Villager (Male) |
| 2:38 | Create | Villager (Male) |
| 3:12 | Create | Villager (Male) |
| 3:28 | Research | Loom |
| 3:46 | Create | Villager (Male) |
| 4:11 | Create | Villager (Male) |
| 4:27 | Create | Villager (Male) |
| 4:40 | Build | Mill |
| 4:48 | Build | House |
| 4:50 | Research | Loom |
| 5:01 | Create | Villager (Male) |
| 5:18 | Create | Villager (Male) |
| 5:55 | Create | Villager (Male) |
| 6:00 | Create | Villager (Male) |
| 6:57 | Create | Villager (Male) |
| 6:59 | Create | Villager (Male) |
| 7:18 | Build | House |
| 7:36 | Build | House |
| 7:40 | Create | Villager (Male) |
| 8:28 | Build | Barracks |
| 8:39 | Create | Villager (Male) |
| 8:45 | Research | Feudal Age |
| 8:45 | Research | Feudal Age |
| 9:26 | Build | Mining Camp |
| 9:39 | Create | Militia |
| 9:41 | Create | Militia |
| 10:33 | Create | Militia |
| 10:52 | Create | Villager (Male) |
| 10:55 | Age | Feudal Age |
| 11:19 | Create | Militia |
| 11:22 | Create | Villager (Male) |
| 11:25 | Build | Farm |
| 11:25 | Build | Farm |
| 11:32 | Build | House |
| 11:35 | Build | House |
| 11:52 | Build | Watch Tower |
| 11:58 | Create | Militia |
| 12:16 | Create | Villager (Male) |
| 12:18 | Build | Farm |
| 12:30 | Build | Farm |
| 12:50 | Create | Villager (Male) |
| 12:53 | Build | Farm |
| 12:54 | Build | Farm |
| 12:54 | Build | Farm |
| 13:03 | Build | House |
| 13:36 | Build | Farm |
| 13:41 | Build | Farm |
| 13:41 | Build | Farm |
| 14:10 | Build | Farm |
| 14:11 | Create | Villager (Male) |
| 14:26 | Research | Man-at-Arms (upgrade) |
| 14:34 | Create | Villager (Male) |
| 14:57 | Build | Farm |
| 15:09 | Create | Villager (Male) |
| 15:54 | Create | Villager (Male) |
| 15:54 | Create | Villager (Male) |
| 16:07 | Build | Mining Camp |
| 16:13 | Create | Villager (Male) |
| 16:53 | Create | Villager (Male) |
| 16:58 | Create | Militia |
| 16:59 | Create | Militia |
| 17:32 | Create | Villager (Male) |
| 18:03 | Create | Militia |
| 18:08 | Build | House |
| 18:20 | Build | Blacksmith |
| 18:44 | Create | Villager (Male) |
| 19:10 | Build | Watch Tower |
| 19:35 | Research | Scale Mail Armor |
| 19:37 | Create | Villager (Male) |
| 20:00 | Create | Militia |
| 20:01 | Create | Militia |
| 20:26 | Create | Militia |
| 20:40 | Build | Farm |
| 21:01 | Create | Villager (Male) |
| 21:39 | Create | Villager (Male) |
| 21:40 | Create | Villager (Male) |
| 22:19 | Create | Villager (Male) |
| 22:34 | Create | Villager (Male) |
| 22:49 | Create | Villager (Male) |
| 23:11 | Create | Villager (Male) |
| 23:48 | Create | Villager (Male) |
| 24:05 | Create | Villager (Male) |
| 24:24 | Research | Double-Bit Axe |
| 24:25 | Research | Double-Bit Axe |
| 25:04 | Build | Farm |
| 25:04 | Build | Farm |
| 25:10 | Create | Villager (Male) |
| 25:11 | Create | Villager (Male) |
| 25:12 | Create | Villager (Male) |
| 25:43 | Build | Farm |
| 25:48 | Build | Farm |
| 26:26 | Create | Villager (Male) |
| 26:29 | Build | Farm |
| 26:54 | Create | Villager (Male) |
| 26:54 | Create | Villager (Male) |
| 27:05 | Build | Market |
| 27:10 | Create | Villager (Male) |
| 27:43 | Research | Castle Age |
| 27:44 | Research | Castle Age |
| 27:49 | Build | Farm |
| 27:59 | Build | House |
| 28:09 | Create | Villager (Male) |
| 28:19 | Research | Gold Mining |
| 28:20 | Research | Gold Mining |
| 28:26 | Research | Fletching |
| 28:27 | Research | Fletching |
| 28:31 | Build | Lumber Camp |
| 28:50 | Research | Padded Archer Armor |
| 28:51 | Research | Padded Archer Armor |
| 29:18 | Create | Villager (Male) |
| 29:27 | Build | House |
| 29:28 | Build | House |
| 29:30 | Build | House |
| 29:31 | Build | House |
| 29:53 | Build | Archery Range |
| 29:57 | Create | Villager (Male) |
| 30:23 | Age | Castle Age |
| 30:23 | Create | Villager (Male) |
| 30:29 | Build | Mining Camp |
| 30:31 | Create | Villager (Male) |
| 30:47 | Research | Bodkin Arrow |
| 30:50 | Create | Villager (Male) |
| 30:56 | Build | Farm |
| 31:06 | Research | Bow Saw |
| 31:07 | Research | Bow Saw |
| 31:45 | Create | Cavalry Archer |
| 31:48 | Create | Villager (Male) |
| 32:09 | Create | Villager (Male) |
| 32:19 | Build | House |
| 32:19 | Build | House |
| 32:20 | Build | House |
| 32:24 | Create | Villager (Male) |
| 32:28 | Create | Cavalry Archer |
| 32:40 | Build | Mining Camp |
| 32:49 | Create | Villager (Male) |
| 33:05 | Build | Town Center |
| 33:16 | Build | House |
| 33:21 | Build | House |
| 33:25 | Create | Villager (Male) |
Build order — DARK STORM7984
First 150 of 227 actions detected
| 0:07 | Create | Villager (Male) ×4 |
| 0:07 | Create | Villager (Male) ×4 |
| 0:12 | Build | House |
| 0:13 | Build | House |
| 0:14 | Build | House |
| 1:43 | Create | Villager (Male) |
| 2:36 | Create | Villager (Male) |
| 2:36 | Create | Villager (Male) |
| 2:49 | Create | Villager (Male) |
| 2:50 | Create | Villager (Male) |
| 3:18 | Create | Villager (Male) |
| 3:25 | Create | Villager (Male) |
| 3:26 | Create | Villager (Male) |
| 3:32 | Build | Lumber Camp |
| 3:50 | Create | Villager (Male) |
| 4:15 | Create | Villager (Male) |
| 4:24 | Create | Villager (Male) |
| 4:58 | Create | Villager (Male) |
| 5:19 | Build | House |
| 5:21 | Build | House |
| 5:25 | Build | House |
| 6:01 | Create | Villager (Male) |
| 7:04 | Create | Villager (Male) |
| 7:19 | Build | Mining Camp |
| 7:21 | Create | Villager (Male) |
| 7:37 | Build | Mill |
| 8:12 | Research | Feudal Age |
| 8:57 | Research | Loom |
| 9:28 | Create | Villager (Male) |
| 10:25 | Research | Horse Collar |
| 10:25 | Research | Double-Bit Axe |
| 10:31 | Create | Villager (Male) |
| 10:51 | Create | Villager (Male) |
| 11:02 | Build | Farm |
| 11:03 | Build | Farm |
| 11:03 | Build | Farm |
| 11:04 | Build | Farm |
| 11:07 | Create | Villager (Male) |
| 11:19 | Build | Farm |
| 11:46 | Build | Barracks |
| 12:02 | Create | Villager (Male) |
| 12:11 | Build | Farm |
| 12:46 | Create | Villager (Male) |
| 12:58 | Build | Stable |
| 13:01 | Create | Villager (Male) |
| 13:09 | Build | House |
| 13:13 | Build | House |
| 13:27 | Create | Villager (Male) |
| 13:34 | Build | Farm |
| 13:48 | Build | Farm |
| 13:49 | Create | Villager (Male) |
| 14:15 | Build | Stable |
| 14:35 | Create | Villager (Male) |
| 14:37 | Build | Farm |
| 14:42 | Build | Farm |
| 14:52 | Create | Villager (Male) |
| 15:08 | Create | Villager (Male) |
| 15:36 | Build | Blacksmith |
| 15:47 | Create | Villager (Male) |
| 16:02 | Build | Mining Camp |
| 16:05 | Create | Villager (Male) |
| 16:11 | Research | Castle Age |
| 16:41 | Create | Scout Cavalry |
| 16:42 | Create | Scout Cavalry |
| 16:57 | Create | Scout Cavalry |
| 17:07 | Build | House |
| 17:10 | Build | House |
| 17:12 | Build | House |
| 17:16 | Build | House |
| 17:40 | Research | Stone Mining |
| 18:42 | Create | Villager (Male) |
| 19:14 | Create | Villager (Male) |
| 19:35 | Create | Steppe Lancer |
| 19:40 | Create | Villager (Male) |
| 19:56 | Build | Town Center |
| 20:12 | Create | Steppe Lancer |
| 20:26 | Build | Castle |
| 20:58 | Research | Padded Archer Armor |
| 21:01 | Create | Villager (Male) |
| 21:24 | Build | Lumber Camp |
| 21:50 | Create | Villager (Male) |
| 21:51 | Create | Villager (Male) |
| 21:51 | Create | Villager (Male) |
| 21:52 | Create | Villager (Male) |
| 22:17 | Create | Villager (Male) |
| 22:18 | Create | Villager (Male) |
| 22:25 | Create | Villager (Male) |
| 22:28 | Research | Bow Saw |
| 22:50 | Research | Heavy Plow |
| 22:51 | Create | Villager (Male) |
| 23:17 | Create | Villager (Male) |
| 23:35 | Build | Farm |
| 23:35 | Build | Farm |
| 23:36 | Build | Farm |
| 23:37 | Build | Farm |
| 23:38 | Build | Farm |
| 23:40 | Build | Farm |
| 23:41 | Create | Villager (Male) |
| 23:59 | Research | Fletching |
| 24:12 | Create | Villager (Male) |
| 24:13 | Create | Villager (Male) |
| 24:13 | Create | Villager (Male) |
| 24:19 | Build | Farm |
| 24:29 | Create | Villager (Male) |
| 24:42 | Build | Mining Camp |
| 24:48 | Create | Villager (Male) |
| 24:52 | Create | Villager (Male) |
| 24:53 | Create | Villager (Male) |
| 25:03 | Build | Town Center |
| 25:20 | Create | Villager (Male) |
| 25:21 | Create | Villager (Male) |
| 25:32 | Create | Villager (Male) |
| 25:37 | Create | Villager (Male) |
| 25:53 | Create | Villager (Male) |
| 26:02 | Create | Villager (Male) |
| 26:04 | Create | Villager (Male) |
| 26:19 | Create | Villager (Male) |
| 26:19 | Create | Villager (Male) |
| 26:25 | Build | Farm |
| 26:25 | Build | Farm |
| 26:26 | Build | Farm |
| 26:41 | Build | Castle |
| 27:07 | Create | Villager (Male) |
| 27:08 | Research | Wheelbarrow |
| 27:09 | Create | Villager (Male) |
| 27:09 | Create | Villager (Male) |
| 27:14 | Build | House |
| 27:15 | Build | House |
| 27:15 | Build | House |
| 27:15 | Build | House |
| 27:16 | Build | House |
| 27:16 | Build | House |
| 27:17 | Build | House |
| 27:17 | Build | House |
| 27:17 | Build | House |
| 27:18 | Build | House |
| 27:22 | Create | Villager (Male) |
| 27:27 | Build | Farm |
| 27:28 | Build | Farm |
| 27:29 | Build | Farm |
| 27:31 | Research | Gold Mining |
| 27:53 | Build | Siege Workshop |
| 28:06 | Create | Villager (Male) |
| 28:06 | Create | Villager (Male) |
| 28:15 | Create | Villager (Male) |
| 28:44 | Build | Siege Workshop |
| 28:47 | Create | Battering Ram |
| 29:01 | Create | Villager (Male) |
| 29:02 | Create | Villager (Male) |
| 29:02 | Create | Villager (Male) |
Match timeline
| 7:42 | Chocolate Nestle · wall_segment Palisade Wall x10 |
| 8:28 | 2745766286 · first_building Barracks |
| 8:52 | x · first_building Barracks |
| 8:52 | i · wall_segment Palisade Wall x6 |
| 9:33 | Chocolate Nestle · age_up feudal |
| 9:33 | Chocolate Nestle · wall_segment Palisade Wall x4 |
| 9:37 | Chocolate Nestle · wall_segment Palisade Wall x9 |
| 10:22 | Deatho · wall_segment Palisade Wall x1 |
| 10:40 | Deatho · first_building Barracks |
| 10:47 | Deatho · wall_segment Palisade Wall x1 |
| 10:55 | 2745766286 · age_up feudal |
| 11:06 | i · age_up feudal |
| 11:12 | Chocolate Nestle · wall_segment Palisade Wall x6 |
| 11:14 | Chocolate Nestle · wall_segment Palisade Wall x5 |
| 11:19 | Chocolate Nestle · wall_segment Palisade Wall x5 |
| 11:21 | Chocolate Nestle · wall_segment Palisade Wall x9 |
| 11:36 | Deatho · age_up feudal |
| 11:37 | hoangdle1993 · age_up feudal |
| 11:39 | x · age_up feudal |
| 11:46 | DARK STORM7984 · first_building Barracks |
| 11:48 | Chocolate Nestle · wall_segment Palisade Wall x2 |
| 11:51 | x · first_building Stable |
| 11:51 | Chocolate Nestle · wall_segment Palisade Wall x1 |
| 11:59 | Deatho · wall_segment Palisade Wall x13 |
| 12:01 | TradeKing · age_up feudal |
| 12:20 | Deatho · wall_segment Palisade Wall x6 |
| 12:31 | Deatho · wall_segment Palisade Wall x10 |
| 12:47 | i · wall_segment Palisade Wall x1 |
| 12:53 | i · wall_segment Palisade Wall x1 |
| 12:58 | DARK STORM7984 · first_building Stable |
| 13:00 | Chocolate Nestle · wall_segment Palisade Wall x7 |
| 13:16 | Deatho · first_building Stable |
| 13:19 | hoangdle1993 · first_building Barracks |
| 13:22 | x · wall_segment Palisade Wall x1 |
| 13:36 | Chocolate Nestle · wall_segment Palisade Wall x4 |
| 13:49 | i · wall_segment Palisade Wall x10 |
| 15:01 | i · age_up castle |
| 15:15 | hoangdle1993 · first_building Stable |
| 16:48 | Chocolate Nestle · wall_segment Palisade Wall x3 |
| 16:51 | Deatho · wall_segment Palisade Wall x15 |
| 17:13 | Deatho · first_market_buy 100 food |
| 17:16 | Deatho · first_market_sell 100 wood |
| 17:36 | TradeKing · age_up castle |
| 17:46 | x · age_up castle |
| 18:03 | TradeKing · first_market_buy 100 stone |
| 18:35 | hoangdle1993 · age_up castle |
| 18:47 | i · first_building Barracks |
| 20:07 | Deatho · age_up castle |
| 20:26 | DARK STORM7984 · first_building Castle |
| 20:32 | i · first_market_buy 100 stone |
| 20:53 | i · first_building Stable |
| 22:06 | TradeKing · first_building Barracks |
| 23:31 | Chocolate Nestle · resign |
| 23:55 | x · first_building Castle |
| 24:12 | TradeKing · first_building Castle |
| 24:36 | Deatho · first_building Castle |
| 25:08 | TradeKing · first_building Stable |
| 26:54 | hoangdle1993 · first_building Castle |
| 27:31 | i · first_building Castle |
| 27:32 | Deatho · first_building Monastery |
| 27:53 | DARK STORM7984 · first_building Siege Workshop |
| 28:50 | Deatho · first_building Siege Workshop |
| 29:07 | hoangdle1993 · first_market_sell 500 wood |
| 29:53 | 2745766286 · first_building Archery Range |
| 30:23 | 2745766286 · age_up castle |
| 30:38 | i · first_market_sell 100 wood |
| 30:50 | i · first_building Monastery |
| 32:33 | TradeKing · first_market_sell 100 food |
| 32:33 | Deatho · wall_segment Stone Wall x1 |
| 32:47 | i · first_building Archery Range |
| 32:48 | DARK STORM7984 · wall_segment Stone Wall x11 |
| 32:49 | DARK STORM7984 · wall_segment Stone Wall x1 |
| 32:50 | DARK STORM7984 · wall_segment Stone Wall x4 |
| 32:55 | DARK STORM7984 · wall_segment Stone Wall x12 |
| 32:55 | DARK STORM7984 · wall_segment Stone Wall x1 |
| 33:52 | TradeKing · age_up imperial |
| 34:14 | hoangdle1993 · first_market_buy 100 food |
| 34:41 | i · age_up imperial |
| 36:08 | 2745766286 · first_building Monastery |
| 37:09 | hoangdle1993 · first_building Monastery |
| 37:33 | hoangdle1993 · age_up imperial |
[ AI ANALYSIS · 1 CREDIT ]
What really happened in this match?
Wolo.gg analyzes every decision: build order, eco, micro, common mistakes by bracket. Personalized analysis on WhatsApp or Discord in 30 seconds.
Civ guide
Huns
Perfil
Jugador #11705396